 Dungeon Crawl Stone Soup version 0.27-a0-401-gea03ee85fd (webtiles) character file.

Game seed: 4955668984665781977

10602 mandarbmax the Stinger (level 11, -1/64 HPs)
             Began as a Tengu Venom Mage on Feb 21, 2021.
             Was an Elder of Kikubaaqudgha.
             Slain by Snorg (16 damage)
             ... on level 10 of the Dungeon.
             The game lasted 01:10:00 (14005 turns).

mandarbmax the Stinger (Tengu Venom Mage)          Turns: 14005, Time: 01:10:01

Health: -1/64      AC:  8    Str: 17    XL:     11   Next: 64%
Magic:  0/20       EV: 16    Int: 19    God:    Kikubaaqudgha [****..]
Gold:   532        SH: 15    Dex: 14    Spells: 8/19 levels left

rFire    + . .     SeeInvis +   a - +5 falchion
rCold    x . .     Faith    .   x - +1 kite shield
rNeg     . . .     Spirit   +   v - +0 troll leather armour
rPois    +         Reflect  .   H - +1 hat
rElec    .         Harm     .   z - +2 cloak
rCorr    .         Rampage  .   (no gloves)
Will     .....                  (boots unavailable)
Stlth    ++........             C - amulet of guardian spirit
HPRegen  2.20/turn              F - ring "Jaboy" {Fire rPois Str+6}
MPRegen  0.17/turn              o - ring of see invisible

@: flying quickly and evasively, slowed, very slow
A: beak, talons 3, large bone plates 1, high mp 1, regeneration 1, screaming 1,
strong 1, able to fly
a: Stop Flying, Renounce Religion, Receive Corpses


You were on level 10 of the Dungeon.
You worshipped Kikubaaqudgha.
Kikubaaqudgha was greatly pleased with you.
You visited 2 branches of the dungeon, and saw 11 of its levels.
You also visited: Sewer and Ossuary.

You collected 595 gold pieces.
You spent 63 gold pieces at shops.

Inventory:

Hand Weapons
 a - a +5 falchion (weapon)
Armour
 d - the +1 robe of Sloth {-Tele rCorr Int+3}
   (You found it on level 5 of the Dungeon)

   It affects your intelligence (+3).
   It prevents most forms of teleportation.
   It provides partial protection from all sources of acid and corrosion.
 g - a +3 scale mail of fire resistance
 v - a +0 troll leather armour (worn)
 x - a +1 kite shield (worn)
 z - a +2 cloak (worn)
 G - +0 steam dragon scales
 H - a +1 hat (worn)
Jewellery
 c - a ring of protection from cold
 k - a ring of resist corrosion
 o - a ring of see invisible (right hand)
 u - an amulet of magic regeneration
 y - a +4 ring of evasion
 C - an amulet of guardian spirit (around neck)
 D - a ring of protection from cold
 F - the ring "Jaboy" (left hand) {Fire rPois Str+6}
   (You acquired it on level 8 of the Dungeon)

   [ring of fire]

   It enhances your fire magic.
   It affects your strength (+6).
   It protects you from fire.
   It makes you vulnerable to cold.
   It protects you from poison.
Wands
 n - a wand of iceblast (4)
 r - a wand of paralysis (11)
Scrolls
 f - 6 scrolls of teleportation
 h - 3 scrolls of torment
 l - a scroll of fear
 q - a scroll of fog
 A - 2 scrolls of blinking
 B - 5 scrolls of amnesia
 E - a scroll of magic mapping
 I - 2 scrolls of identify
Potions
 b - a potion of mutation
 e - 7 potions of might
 i - a potion of cancellation
 m - a potion of lignification
 p - 6 potions of curing
 s - a potion of brilliance
 w - a potion of attraction
 J - a potion of resistance
Miscellaneous
 j - a box of beasts (inert)
 t - a phial of floods (inert)


   Skills:
 - Level 6.0 Fighting
 - Level 4.0 Armour
 - Level 7.0 Dodging
 - Level 2.0 Stealth
 - Level 7.0 Shields
 + Level 4.7 Spellcasting
 * Level 6.6 Conjurations
 - Level 6.0 Necromancy
 - Level 1.0 Transmutations
 - Level 2.0 Fire Magic
 * Level 6.5 Air Magic
 - Level 7.0 Poison Magic
 - Level 6.0 Evocations


You had 8 spell levels left.
You knew the following spells:

 Your Spells              Type           Power        Failure   Level
a - Sting                 Tmut/Pois      76%          9%          1
b - Poisonous Vapours     Pois/Air       60%          4%          2
c - Ignite Poison         Fire/Tmut/Pois 25%          32%         3
d - Mephitic Cloud        Conj/Pois/Air  30%          8%          3
e - Corpse Rot            Necr/Air       N/A          4%          2

Your spell library contained the following spells:

 Spells                   Type           Power        Failure   Level
 Pain                     Necr           100%         3%          1
 Sublimation of Blood     Necr           13%          5%          2
 Vampiric Draining        Necr           13%          11%         3
 Olgreb's Toxic Radiance  Pois           31%          24%         4
 Animate Dead             Necr           13%          34%         4
 Dispel Undead            Necr           27%          34%         4
 Agony                    Necr           27%          69%         5
 Ice Form                 Ice/Tmut       6%           98%         4
 Borgnjor's Vile Clutch   Necr/Erth      7%           98%         5
 Metabolic Englaciation   Hex/Ice        2%           100%        5
 Freezing Cloud           Conj/Ice/Air   10%          100%        6
 Simulacrum               Ice/Necr       7%           100%        6
 Ozocubu's Refrigeration  Ice            2%           100%        7


Dungeon Overview and Level Annotations

Branches:
Dungeon (10/15)            Temple (1/1) D:5           Sewer (visited)
Ossuary (visited)
   Lair: D:8-11         Orc: D:9-12

Altars:
Ashenzari
Cheibriados
Dithmenos
Elyvilon
Fedhas
Gozag
Hepliaklqana
Kikubaaqudgha
Makhleb
Nemelex Xobeh
Okawaru
Qazlal
Ru
Sif Muna
Trog
Uskayaw
Vehumet
Wu Jian
Xom
Yredelemnul
Zin
The Shining One

Shops:
D:4 [

Annotations:
D:10 Snorg


Innate Abilities, Weirdness & Mutations

You have a beak for a mouth.
You have claws for feet.
You can fly continuously.
You are partially covered in large bone plates. (SH +4)
You have an increased reservoir of magic. (+10% MP)
Your natural rate of healing is unusually fast.
You occasionally shout uncontrollably at your foes.
Your muscles are strong. (Str +2)


Message History

You block Snorg's attack. Snorg closely misses you.
Snorg claws you but does no damage.
You slash Snorg! Your peck misses Snorg.
Snorg is lightly wounded.
You block the worker ant's attack. Snorg barely misses you.
You riposte.
You slash Snorg! Your kick misses Snorg.
Snorg is lightly wounded.
You block Snorg's attack. Snorg claws you.
The worker ant bites you but does no damage.
Snorg bites you! Snorg closely misses you. You block Snorg's attack.
Your juvenile oxshock beast bursts into living lightning!
The living lightning hits Snorg!!
The living lightning hits the worker ant!
The worker ant dies!
Kikubaaqudgha accepts your kill.
The living lightning hits the eye of draining!!
The eye of draining dies!
Kikubaaqudgha accepts your kill.
Your juvenile oxshock beast blinks!
Unknown command.
Unknown command.
You closely miss Snorg. You peck Snorg.
Snorg is moderately wounded.
You block Snorg's attack. Snorg completely misses you.
You block Snorg's attack.
Your juvenile oxshock beast bursts into living lightning!
The living lightning hits Snorg!
Your juvenile oxshock beast blinks!
Snorg bites your juvenile oxshock beast but does no damage.
Snorg claws your juvenile oxshock beast!
Snorg claws your juvenile oxshock beast.
You slash Snorg! Your kick misses Snorg. Your peck misses Snorg.
Snorg is heavily wounded.
You block Snorg's attack. Snorg claws you! x2
* * * LOW HITPOINT WARNING * * *
Your juvenile oxshock beast hits Snorg!
Your juvenile oxshock beast tramples Snorg.
Snorg holds her ground!
Snorg bites you!
You die...
Kikubaaqudgha rasps: "You have failed me!
Welcome... death!"

#.....................
#...........#########.
#...........# #.
#...........# #)
#...........# #.
#...........# #.
#...........# #.
#......?...## #.
#....@.....#
#..HT......#
#.......)(.#
#.....)....#
####...)......
#..........
#..........
#..........
#..........


You could see Snorg (berserk, ally target) and a friendly juvenile oxshock beast
(summoned).

Vanquished Creatures
  A hydra (D:8)
  3 two-headed ogres
  An unseen horror (D:10)
  A manticore (D:8)
  A troll (D:8)
  A hornet (D:10)
  A vampire (D:7)
  Sigmund (D:5)
  A wraith (D:10)
  9 yaks
  A steam dragon (D:9)
  Edmund (D:5)
  A water moccasin (D:7)
  Purgy (Sewer)
  2 orc warriors
  3 sky beasts
  2 ice beasts
  6 ogres
  4 centaurs
  2 phantoms
  3 kobold brigands
  4 bullfrogs
  A gnoll sergeant (D:9)
  A wyvern skeleton (D:9)
  2 scorpions (D:9)
  3 wights (D:6)
  9 howler monkeys
  8 bullfrog zombies (Ossuary)
  2 centaur zombies (Ossuary)
  6 hounds
  2 jellies
  A bullfrog skeleton (D:5)
  A centaur skeleton (D:10)
  3 iguanas
  3 orc wizards
  5 worker ants
  3 killer bee zombies (Ossuary)
  2 hound zombies (Ossuary)
  2 hound skeletons (D:9)
  14 mummies (Ossuary)
  2 worker ant zombies (Ossuary)
  A howler monkey zombie (Ossuary)
  8 gnolls
  A river rat (D:5)
  9 adders
  A shadow imp (D:7)
  3 white imps
  An ooze (D:1)
  An ufetubus (D:6)
  2 adder zombies
  2 adder skeletons
  2 worms
  A dart slug (D:1)
  8 leopard geckos
  42 orcs
  4 ball pythons
  5 giant cockroaches
  7 goblins
  12 hobgoblins
  4 jackals
  3 quokkas
  7 bats
  8 frilled lizards
  A jackal zombie (Ossuary)
  23 kobolds
  A kobold zombie (D:7)
  A leopard gecko skeleton (D:5)
  A leopard gecko zombie (D:5)
  2 quokka zombies (Ossuary)
  8 rats
289 creatures vanquished.

Vanquished Creatures (collateral kills)
  An ice beast (D:10)
  An eye of draining (D:10)
  A worker ant (D:10)
  A hound skeleton (D:10)
4 creatures vanquished.

Vanquished Creatures (others)
  12 plants (D:6)
  A withered plant (Ossuary)
13 creatures vanquished.

Grand Total: 306 creatures vanquished

Notes
Turn   | Place    | Note
-------+----------+-------------------------------------------
     0 | D:1      | mandarbmax the Tengu Venom Mage began the quest for the
                  | Orb.
     0 | D:1      | Reached XP level 1. HP: 10/10 MP: 4/4
    31 | D:1      | Reached skill level 1 in Transmutations
   188 | D:1      | Reached XP level 2. HP: 15/15 MP: 0/6
   253 | D:1      | Learned a level 2 spell: Poisonous Vapours
   782 | D:1      | Reached XP level 3. HP: 19/19 MP: 3/7
   921 | D:1      | Learned a level 3 spell: Ignite Poison
  1399 | D:2      | Reached XP level 4. HP: 12/24 MP: 0/8
  1400 | D:2      | Gained mutation: Your muscles are strong. (Str +2) [potion
                  | of mutation]
  1400 | D:2      | Gained mutation: Your body sometimes deteriorates upon
                  | taking damage. [potion of mutation]
  1400 | D:2      | Gained mutation: You are partially covered in large bone
                  | plates. (SH +4) [potion of mutation]
  1402 | D:2      | Lost mutation: Your muscles are strong. (Str +2) [potion of
                  | mutation]
  1402 | D:2      | Lost mutation: Your body sometimes deteriorates upon taking
                  | damage. [potion of mutation]
  1402 | D:2      | Gained mutation: You evolve. [potion of mutation]
  1402 | D:2      | Gained mutation: You are strong-willed. (Will+) [potion of
                  | mutation]
  1403 | D:2      | Lost mutation: You are strong-willed. (Will+) [potion of
                  | mutation]
  1403 | D:2      | Lost mutation: You evolve. [potion of mutation]
  1403 | D:2      | Gained mutation: You have an increased reservoir of magic.
                  | (+10% MP) [potion of mutation]
  1403 | D:2      | Gained mutation: Your muscles are strong. (Str +2) [potion
                  | of mutation]
  1403 | D:2      | Gained mutation: You occasionally shout uncontrollably at
                  | your foes. [potion of mutation]
  1403 | D:2      | Gained mutation: Your natural rate of healing is unusually
                  | fast. [potion of mutation]
  1795 | D:2      | Found a shimmering blue altar of Sif Muna.
  2002 | D:2      | Reached skill level 5 in Poison Magic
  2422 | D:3      | Reached skill level 1 in Air Magic
  2430 | D:3      | Found a snail-covered altar of Cheibriados.
  3101 | D:3      | Gained mutation: You can fly continuously. [Tengu growth]
  3101 | D:3      | Reached XP level 5. HP: 27/28 MP: 4/9
  3860 | D:4      | Reached skill level 1 in Fire Magic
  4216 | D:4      | Reached XP level 6. HP: 32/32 MP: 3/11
  4220 | D:4      | Learned a level 3 spell: Mephitic Cloud
  4312 | D:4      | Reached skill level 1 in Conjurations
  4438 | D:4      | Found Wezatogo's Armour Shoppe.
  4689 | D:5      | Entered Level 5 of the Dungeon
  4701 | D:5      | Noticed a sky beast
  4707 | D:5      | Got a tattered robe
  4721 | D:5      | Identified the +1 robe of Sloth {-Tele rCorr Int+3} (You
                  | found it on level 5 of the Dungeon)
  4796 | D:5      | Reached XP level 7. HP: 33/36 MP: 4/13
  4844 | D:5      | Found a staircase to the Ecumenical Temple.
  4853 | Temple   | Entered the Ecumenical Temple
  4952 | Temple   | Became a worshipper of Kikubaaqudgha
  5232 | D:5      | Found a glowing drain.
  5238 | Sewer    | Entered a sewer
  5421 | Sewer    | Noticed Purgy
  5426 | Sewer    | Killed Purgy
  6280 | D:5      | Noticed Edmund
  6284 | D:5      | Noticed Sigmund
  6409 | D:5      | Killed Sigmund
  6410 | D:5      | Reached XP level 8. HP: 48/48 MP: 3/14
  6558 | D:5      | Killed Edmund
  6668 | D:6      | Reached skill level 5 in Dodging
  6692 | D:6      | Reached * piety under Kikubaaqudgha
  6692 | D:6      | Identified Kikubaaqudgha's Grimoire of Dark Rituals
                  | (Kikubaaqudgha gifted it to you on level 6 of the Dungeon)
  6692 | D:6      | Received a gift from Kikubaaqudgha
  7014 | D:5      | Learned a level 2 spell: Corpse Rot
  7498 | D:6      | Reached XP level 9. HP: 46/50 MP: 11/15
  7590 | D:4      | Bought a +0 kite shield for 63 gold pieces
  8381 | D:6      | Reached skill level 1 in Shields
  8678 | D:7      | Found a sand-covered staircase.
  8687 | Ossuary  | Entered an ossuary
  8745 | Ossuary  | Reached ** piety under Kikubaaqudgha
  8863 | Ossuary  | Reached skill level 5 in Fighting
  9507 | D:7      | Reached skill level 5 in Shields
  9537 | D:7      | Found a burning altar of Makhleb.
  9707 | D:8      | Identified a scroll of acquirement
  9707 | D:8      | Acquired the ring "Jaboy" {Fire rPois Str+6}
  9831 | D:8      | Reached *** piety under Kikubaaqudgha
  9831 | D:8      | Identified Kikubaaqudgha's Collected Works on Darkness
                  | (Kikubaaqudgha gifted it to you on level 8 of the Dungeon)
  9831 | D:8      | Received a gift from Kikubaaqudgha
  9945 | D:8      | Found a shimmering altar of Xom.
 10017 | D:8      | Reached XP level 10. HP: 60/60 MP: 8/16
 10093 | D:8      | Found a snail-covered altar of Cheibriados.
 10230 | D:8      | Noticed a manticore
 10238 | D:8      | Noticed a two-headed ogre
 10238 | D:8      | Noticed a seven-headed hydra
 10602 | D:8      | Killed a two-headed ogre
 10602 | D:8      | Killed a seven-headed hydra
 10628 | D:8      | Killed a manticore
 10629 | D:8      | Reached skill level 1 in Evocations
 11027 | D:8      | Found a burning altar of Makhleb.
 11299 | D:8      | Found a broken altar of Ashenzari.
 11393 | D:8      | Noticed a two-headed ogre
 11726 | D:7      | Reached skill level 5 in Necromancy
 11849 | D:8      | Killed a two-headed ogre
 11960 | D:8      | Reached XP level 11. HP: 64/64 MP: 11/19
 12302 | D:9      | Reached skill level 5 in Evocations
 12493 | D:9      | Noticed a two-headed ogre
 12497 | D:9      | Killed a two-headed ogre
 12713 | D:9      | Reached **** piety under Kikubaaqudgha
 13095 | D:9      | Found a sparkling altar of Nemelex Xobeh.
 13133 | D:9      | Found an iron altar of Okawaru.
 13311 | D:9      | Reached skill level 5 in Conjurations
 13311 | D:9      | Reached skill level 5 in Air Magic
 13463 | D:10     | Entered Level 10 of the Dungeon
 13753 | D:10     | Noticed an unseen horror
 13767 | D:10     | Killed an unseen horror
 13996 | D:10     | Noticed Snorg
 14005 | D:10     | Slain by Snorg

Illustrated notes

Levels and vault maps discovered:
D:1:      minmay_arrival_glassed_features, layout_basic, glass_columns_b
D:2:      layout_basic, led_sif_pool
D:3:      layout_loops_ring, marbit_many_paths
D:4:      layout_rooms, serial_shops, shop, minmay_fractal_squares_gapless_5
D:5:      layout_basic, temple_statues, portal_sewer_entry_e, minivault_27,
          chequers_mini_garden, sigmund_edmund_badplayer, uniq_edmund
D:6:      cheibrodos_thug_alley, layout_cave_pools, serial_bayou,
          serial_bayou_ford_a, serial_bayou_shore_a, serial_bayou_crossing,
          serial_bayou_pond_d
D:7:      layout_rooms, enter_ossuary_3, makhleb_heckhound_becter
D:8:      minmay_tri_box, layout_basic, kennysheep_mini_moat,
          overflow_temple_1_default, kennysheep_mini, cheibriados_altar_1
D:9:      layout_grid_maze, okawaru_altar_gauntlet_db,
          nemelex_xobeh_ov_fountains_minmay
D:10:     layout_basic, amcnicky_mini_corridor_feature, uniq_snorg, uniq_urug
Temple:   regret_index_temple_waves

Skill      XL: |  1  2  3  4  5  6  7  8  9 10 11 |
---------------+----------------------------------+-----
Transmutations | 1 |  1.0
Poison Magic   | 4 5 7 |  7.0
Air Magic      | 2 4 6 |  6.5
Fire Magic     | 2 |  2.0
Dodging        | 3 4 5 6 7 |  7.0
Conjurations   | 3 4 6 |  6.6
Spellcasting   | 3 4 |  4.7
Fighting       | 3 4 5 6 |  6.0
Necromancy     | 4 5 6 |  6.0
Shields        | 5 7 |  7.0
Armour         | 4 |  4.0
Evocations     | 4 6 |  6.0
Stealth        | |  2.0

Action                   |  1- 3 |  4- 6 |  7- 9 | 10-12 || total
-------------------------+-------+-------+-------+-------++-------
Melee: Unarmed           |     3 |     4 |       |       ||     7
       Kick              |     2 |    11 |    71 |    69 ||   153
       Falchion          |       |    26 |   242 |   188 ||   456
       Peck              |       |     5 |    49 |    54 ||   108
 Cast: Sting             |    80 |    28 |     5 |    23 ||   136
       Poisonous Vapours |       |    64 |    88 |    30 ||   182
       Ignite Poison     |       |     4 |    22 |    24 ||    50
       Mephitic Cloud    |       |     2 |    19 |    32 ||    53
 Abil: Fly               |       |     1 |       |       ||     1
Evoke: Wand              |       |       |     5 |     2 ||     7
       Phial of floods   |       |       |       |     1 ||     1
       Box of beasts     |       |       |       |     1 ||     1
  Use: Potion            |       |     5 |     3 |     3 ||    11
       Scroll            |       |     6 |    19 |     7 ||    32
 Stab: Sleeping          |       |       |     2 |       ||     2
       Distracted        |       |       |     1 |       ||     1
       Confused          |       |       |       |     8 ||     8
Armor: Robe              |     7 |     2 |    26 |       ||    35
       Leather armour    |       |     1 |       |       ||     1
       Troll leather arm |       |       |       |    30 ||    30
Dodge: Dodged            |    29 |    32 |   154 |   144 ||   359
Block: Other             |       |     9 |     7 |       ||    16
       Kite shield       |       |       |   147 |   180 ||   327
       Rpst.: Falchion   |       |    11 |    40 |    35 ||    86

Table legend: (Time is in decaauts)
 A = Elapsed time spent in this place.
 B = Non-inter-level travel time spent in this place.
 C = Inter-level travel time spent in this place.
 D = Time resting spent in this place.
 E = Time spent auto-exploring this place.
 F = Levels seen in this place.
 G = Mean time per level.
                   A        B        C        D        E       F      G
               +--------+--------+--------+--------+--------+-----+--------+
         Total |  13692 |  13225 |    467 |   2631 |   7608 |  13 | 1053.2 |
       Dungeon |  12582 |  12115 |    467 |   2360 |   7235 |  10 | 1258.2 |
        Temple |    117 |    117 |      0 |      0 |      0 |   1 |  117.0 |
         Sewer |    487 |    487 |      0 |    209 |    201 |   1 |  487.0 |
       Ossuary |    505 |    505 |      0 |     62 |    171 |   1 |  505.0 |
               +--------+--------+--------+--------+--------+-----+--------+

Top non-repeatable levels by time:
     D:8: 1959 daAuts
     D:5: 1863 daAuts
     D:1: 1344 daAuts
     D:9: 1335 daAuts
     D:3: 1298 daAuts
     D:6: 1247 daAuts
     D:4: 1192 daAuts
     D:2: 901 daAuts
     D:7: 892 daAuts
    D:10: 546 daAuts
 Ossuary: 505 daAuts
   Sewer: 487 daAuts
  Temple: 117 daAuts
